 Dungeon Crawl Stone Soup version 0.31-a0-202-g547052bce9 (webtiles) character file.

Game seed: 13403058458478579686

354 Turgor the Gusty (level 6, -2/70 HPs)
             Began as a Demigod Air Elementalist on June 25, 2023.
             Slain by an ogre
             ... wielding a +0 giant club
              (17 damage)
             ... on level 4 of the Dungeon on June 26, 2023.
             The game lasted 00:25:06 (4577 turns).

Turgor the Gusty (Demigod Air Elementalist)         Turns: 4577, Time: 00:25:06

Health: -2/70      AC: 23    Str: 13    XL:     6   Next: 13%
Magic:  8/13       EV:  2    Int: 21    God:
Gold:   124        SH:  4    Dex: 14    Spells: 3/10 levels left

rFire   . . .        p - +1 hand axe (venom)
rCold   + . .        j - +0 buckler
rNeg    . . .        a - melded +0 robe
rPois   +            o - melded +2 helmet
rElec   .            (cloak currently unavailable)
rCorr   .            (gloves currently unavailable)
SInv    .            t - melded +1 pair of boots
Will    .....        (no amulet)
Stlth   ++           w - ring of protection from cold
HPRegen 0.31/turn    (no ring)
MPRegen 0.13/turn

%: no passive effects
@: tree-form
A: stationary, stasis, torment immunity, boosted hp, high MP 1, forlorn, divine
attributes
a: no special abilities


You were on level 4 of the Dungeon.
You were a tree.
You visited 1 branch of the dungeon, and saw 4 of its levels.

You collected 124 gold pieces.

Inventory:

Hand Weapons
 d - a +4 mace
 g - a +0 morningstar
 h - a +0 sling
 p - a +1 hand axe of venom (weapon)
Missiles
 c - 28 stones
Armour
 a - a +0 robe (melded)
 j - a +0 buckler (worn)
 o - a +2 helmet (melded)
 t - a +1 pair of boots (melded)
Jewellery
 w - a ring of protection from cold (left branch)
Wands
 n - a wand of mindburst (10)
 u - a wand of flame (21)
Scrolls
 f - a scroll of enchant weapon {unknown}
 i - a scroll of fog
 k - a scroll of teleportation
 l - a scroll of enchant armour
 m - a scroll of poison
 r - a scroll of fear {unknown}
 v - a scroll of torment {unknown}
Potions
 b - a potion of magic
 q - a potion of curing
 s - a potion of resistance


   Skills:
 + Level 1.6 Fighting
 - Level 2.0 Dodging
 - Level 2.0 Stealth
 + Level 1.9 Shields
 + Level 2.7 Spellcasting
 + Level 2.7 Conjurations
 * Level 4.3 Air Magic


You had 3 spell levels left.
You knew the following spells:

 Your Spells              Type           Power      Damage    Failure   Level
a - Shock                 Conj/Air       68%        1d7       4%          1
b - Static Discharge      Conj/Air       34%        2-4/arc   7%          2
c - Airstrike             Air            10%        2d(2-18)  30%         4

Your spell library contained the following spells:

 Spells                   Type           Power      Damage    Failure   Level
 Swiftness                Air            21%        N/A       10%         3
 Lesser Beckoning         Tloc           4%         N/A       28%         2
 Stone Arrow              Conj/Erth      16%        3d8       32%         3
 Gell's Gravitas          Tloc           2%         N/A       50%         3
 Teleport Other           Tloc           2%         N/A       50%         3
 Summon Lightning Spire   Summ/Air       12%        N/A       58%         4
 Animate Armour           Summ/Erth      4%         N/A       88%         4
 Blade Hands              Tmut           1%         N/A       99%         5
 Lehudib's Crystal Spear  Conj/Erth      4%         10d3      100%        8


Dungeon Overview and Level Annotations

Branches:
Dungeon (4/15)
 Temple: D:4-7

Shops:
D:4 [

Annotations:
D:3 3 runed translucent doors, Anon1729's ghost, amateur MiMo


Innate Abilities, Weirdness & Mutations

You are a tree.
Your roots penetrate the ground, keeping you stationary.
You cannot be teleported.
You are immune to unholy pain and torment.
Your maximum health is greatly increased.
Your equipment is partially melded.
You have an increased reservoir of magic. (+10% MP)
You shall have no god before yourself.
Your divine heritage dramatically boosts your attributes as you level up.


Message History

Unknown command.
Casting: Shock (safe; 4% risk of failure)
Confirm with . or Enter, or press ? or * to list all spells.
The ogre is struck by an arc of lightning.
The ogre is lightly wounded.
The adder is struck by an arc of lightning.
The adder is moderately wounded.
The ogre is struck by an arc of lightning.
The ogre is moderately wounded.
The lightning grounds out.
The ogre hits you with a +0 giant club.
Casting: Static Discharge (safe; 7% risk of failure)
Confirm with . or Enter, or press ? or * to list all spells.
Aiming: Shock (safe; 4% risk of failure)
Press: ? - help, Shift-Dir - straight line The zap misses the ogre.
The zap hits the adder.
The adder is severely wounded.
The zap hits the adder.
You kill the adder!
The ogre hits you with a +0 giant club!!
Ouch! That really hurt!
* * * LOW HITPOINT WARNING * * *
Really quaff the potion of lignification?
You turn into a tree.
Your +2 helmet melds into your body.
Your +1 pair of boots melds into your body.
Your +0 robe melds into your body.
Your roots penetrate the ground.
You hit the ogre.
The ogre is poisoned.
The ogre is moderately wounded.
The ogre hits you but does no damage.
You hit the ogre.
The ogre looks as sick as possible!
The ogre is heavily wounded.
The ogre hits you with a +0 giant club!
* * * LOW HITPOINT WARNING * * *
Casting: Shock (safe; 4% risk of failure)
Confirm with . or Enter, or press ? or * to list all spells.
Aiming: Shock (safe; 4% risk of failure)
Press: ? - help, Shift-Dir - straight line The zap hits the ogre!
The ogre is almost dead.
The ogre hits you with a +0 giant club!
You die...

#####.### #.♣...♣)# #.#
# #.......###...8...#
#.# #
#.........#.♣...♣.# #.#
# #..........#.......#
#.# #####
#..........#########
.... .....
#.............# ....
####.
#......)......#####.....
♣♣♣.
#.............##........
♣... #.............♣O)#
♣.8.
............####.......
♣... ...........#
....... ♣.∩. .........##
....... ♣... ........#
....... ♣.8. .......
S...... ♣... .....#
....... ♣♣♣. #..##
....... ####. .....


You could see an ogre (extremely poisoned).

Vanquished Creatures
  A hound (D:4)
  2 orc priests
  An iguana (D:4)
  A sleepcap (D:4)
  2 orc wizards
  6 adders
  2 ufetubi (D:4)
  3 worms
  2 orcs
  14 ball pythons
  9 bats
  7 endoplasms
  2 giant cockroaches
  4 goblins
  7 hobgoblins
  11 jackals
  6 kobolds
  5 quokkas
  4 frilled lizards
  4 rats
93 creatures vanquished.

Notes
Turn   | Place    | Note
-------+----------+-------------------------------------------
     0 | D:1      | Turgor the Demigod Air Elementalist began the quest for the
                  | Orb.
     0 | D:1      | Reached XP level 1. HP: 14/14 MP: 5/5
    54 | D:1      | Reached skill level 1 in Conjurations
   305 | D:1      | Reached XP level 2. HP: 20/20 MP: 5/7
   338 | D:1      | Learned a level 2 spell: Static Discharge
   654 | D:1      | Reached skill level 3 in Air Magic
  1147 | D:2      | Reached XP level 3. HP: 24/26 MP: 4/8
  2202 | D:3      | Reached XP level 4. HP: 34/34 MP: 7/10
  2599 | D:3      | Reached skill level 1 in Shields
  2720 | D:3      | Found a runed translucent gate.
  2720 | D:3      | Found a runed translucent gate.
  2720 | D:3      | Found a runed translucent gate.
  2720 | D:3      | Noticed a kobold brigand
  2720 | D:3      | Noticed Anon1729's ghost (amateur MiMo)
  3530 | D:3      | Learned a level 4 spell: Airstrike
  3542 | D:3      | Reached skill level 1 in Fighting
  3643 | D:3      | Reached XP level 5. HP: 17/40 MP: 5/11
  3898 | D:4      | Noticed a black bear
  4013 | D:4      | Reached skill level 4 in Air Magic
  4107 | D:4      | Upgraded the game from 0.31-a0-198-g2ad674f65e to
                  | 0.31-a0-202-g547052bce9
  4259 | D:4      | Reached XP level 6. HP: 47/47 MP: 5/13
  4379 | D:4      | Found Ganydaaq's Antique Armour Emporium.
  4577 | D:4      | Slain by an ogre

Illustrated notes

Levels and vault maps discovered:
D:1:      mrwooster_arrival_statue, layout_basic, serial_bayou_pond_a
D:2:      layout_loops_ring, basic_altar, minmay_shallow_snake_nest
D:3:      layout_basic, gammafunk_ghost_nasty_kobolds,
          shapermc_ecumenical_altar_venn
D:4:      layout_cave_pods, dreamdust_princess_bridge, grunt_ministairs_15,
          nicolae_wooded_promenade

Skill      XL: |  1  2  3  4  5 |
---------------+----------------+-----
Conjurations   | 1 2 |  2.7
Stealth        | 2 |  2.0
Dodging        | 2 |  2.0
Air Magic      | 3 4 |  4.3
Spellcasting   | 2 |  2.7
Shields        | 1 |  1.9
Fighting       | 1 |  1.6

Action                     |  1- 3 |  4- 6 || total
---------------------------+-------+-------++-------
  Melee: Club              |     6 |       ||     6
         Hand axe          |       |    36 ||    36
   Cast: Shock             |    97 |   111 ||   208
         Static Discharge  |       |     1 ||     1
    Use: Scroll            |       |     8 ||     8
         Potion            |       |     1 ||     1
   Stab: Sleeping          |     1 |       ||     1
 Armour: Robe              |    12 |    19 ||    31
         Skin              |       |     1 ||     1
  Dodge: Dodged            |    20 |    20 ||    40
  Block: Buckler           |       |     8 ||     8

Table legend: (Time is in decaauts)
 A = Elapsed time spent in this place.
 B = Non-inter-level travel time spent in this place.
 C = Inter-level travel time spent in this place.
 D = Time resting spent in this place.
 E = Time spent auto-exploring this place.
 F = Levels seen in this place.
 G = Mean time per level.
                   A        B        C        D        E       F      G
               +--------+--------+--------+--------+--------+-----+--------+
         Total |   4596 |   4405 |    191 |    530 |   3191 |   4 | 1149.0 |
       Dungeon |   4596 |   4405 |    191 |    530 |   3191 |   4 | 1149.0 |
               +--------+--------+--------+--------+--------+-----+--------+

Top non-repeatable levels by time:
     D:3: 1485 daAuts
     D:2: 1178 daAuts
     D:1: 1085 daAuts
     D:4: 848 daAuts
